 Dungeon Crawl Stone Soup version 0.28-a0-643-g84cb2ea78e (webtiles) character file.

Game seed: 13162744956099219863

210 timneilson the Shield-Bearer (level 5, -9/61 HPs)
             Began as a Demonspawn Fighter on Oct 10, 2021.
             Killed by divine providence
             ... invoked by an orc priest
              (15 damage)
             ... on level 4 of the Dungeon.
             The game lasted 00:05:02 (2882 turns).

timneilson the Shield-Bearer (Demonspawn Fighter)   Turns: 2882, Time: 00:05:03

Health: -9/61      AC:  8    Str: 17    XL:     5   Next: 57%
Magic:  5/5        EV:  9    Int: 12    God:
Gold:   130        SH:  4    Dex: 12    Spells: 4/4 levels left

rFire   . . .      SeeInvis .   a - +1 long sword
rCold   . . .      Faith    .   c - +0 buckler
rNeg    . . .      Spirit   .   b - +0 scale mail
rPois   .          Reflect  .   (no helmet)
rElec   .          Harm     .   g - +0 cloak
rCorr   .          Rampage  .   (no gloves)
Will    .....                   (no boots)
Stlth   ..........              (no amulet)
HPRegen 0.20/turn               (no ring)
MPRegen 0.09/turn               (no ring)

@: berserking, attractive, very quick
A: claws 1, big brain 1
a: no special abilities


You were on level 4 of the Dungeon.
You visited 1 branch of the dungeon, and saw 4 of its levels.

You collected 130 gold pieces.

Inventory:

Hand Weapons
 a - a +1 long sword (weapon)
Armour
 b - a +0 scale mail (worn)
 c - a +0 buckler (worn)
 g - a +0 cloak (worn)
Jewellery
 j - a +4 ring of evasion
 m - an amulet of magic regeneration
Scrolls
 f - a scroll of teleportation
 o - a scroll of enchant armour {unknown}
Potions
 d - a potion of might
 e - a potion of mutation {unknown}
 h - a potion of attraction
 i - a potion of berserk rage
 k - 2 potions of lignification {unknown}
 l - 2 potions of resistance {unknown}
 n - a potion of curing {unknown}
 p - a potion of invisibility {unknown}


   Skills:
 + Level 3.4 Fighting
 * Level 3.2 Long Blades
 * Level 3.6 Armour
 + Level 1.4 Dodging
 * Level 3.6 Shields


You had 4 spell levels left.
You didn't know any spells.
Your spell library contained the following spells:

 Spells                   Type           Power      Damage    Failure   Level
 Sandblast                Erth           0%         2d4       75%         1
 Stone Arrow              Conj/Erth      0%         3d7       98%         3
 Cause Fear               Hex            0%         N/A       100%        4
 Leda's Liquefaction      Hex/Erth       0%         N/A       100%        4
 Iron Shot                Conj/Erth      0%         9d1       100%        6


Dungeon Overview and Level Annotations

Branches:
Dungeon (4/15)
 Temple: D:4-7

Altars:
Trog
Yredelemnul

Shops:
D:3 **(


Innate Abilities, Weirdness & Mutations

You have sharp fingernails.
You have an unusually large brain. (Int +2)


Message History

The orc shouts!
You hear a shout!
The orc throws a boomerang.
The boomerang barely misses you.
You hear a shout!
An orc priest comes into view. It is wielding a +0 dagger.
The orc throws a boomerang.
The boomerang hits you but does no damage.
The orc priest mumbles some strange prayers to Beogh against you.
Beogh smites you! The orc barely misses you.
You hear a shout!
You hit the orc.
The orc is heavily wounded.
The orc barely misses you.
You slash the orc!
You kill the orc!
The orc priest invokes the aid of Beogh against you.
Beogh smites you!
An orc priest comes into view. It is wielding a +0 club.
The orc priest shouts!
You hit the endoplasm but do no damage. The endoplasm closely misses you.
An orc comes into view. It is wielding a +0 whip.
The orc priest calls down the wrath of Beogh upon you.
Beogh smites you!
* * * LOW HITPOINT WARNING * * *
You hit the endoplasm.
The endoplasm is moderately wounded.
The endoplasm freezes you.
You are frozen.
* * * LOW HITPOINT WARNING * * *
The endoplasm freezes you.
You are frozen.
* * * LOW HITPOINT WARNING * * *
It was a potion of attraction.
You feel attractive to monsters.
The endoplasm hits you but does no damage.
It was a potion of berserk rage.
A red film seems to cover your vision as you go berserk!
You feel yourself moving faster!
You feel mighty!
The orc priest calls down the wrath of Beogh upon you.
Beogh smites you!
You die...

# ###o####### .#
#..ooJ@...# .#
#.#.#####.##.#
..#.#####....##
..........#...####
..#.####..........
# #.#####.#...###.
#. #....##.##.##
#..####.##....#
#...........### ##
###


You could see 2 orc priests, an orc and an endoplasm.

Vanquished Creatures
  An orc priest (D:4)
  A gnoll shaman (D:4)
  An orc wizard (D:4)
  3 gnolls (D:4)
  2 adders (D:2)
  An adder skeleton (D:4)
  3 worms
  A dart slug (D:2)
  3 orcs (D:4)
  5 endoplasms
  A giant cockroach (D:1)
  4 goblins
  4 hobgoblins
  4 jackals (D:4)
  6 kobolds
  5 quokkas
  7 ball pythons
  3 bats
  4 frilled lizards
  5 rats
64 creatures vanquished.

Vanquished Creatures (others)
  10 plants
  2 withered plants (D:2)
12 creatures vanquished.

Grand Total: 76 creatures vanquished

Notes
Turn   | Place    | Note
-------+----------+-------------------------------------------
     0 | D:1      | timneilson the Demonspawn Fighter began the quest for the
                  | Orb.
     0 | D:1      | Reached XP level 1. HP: 18/18 MP: 1/1
   217 | D:1      | Gained mutation: You have an unusually large brain. (Int
                  | +2) [demonic ancestry]
   217 | D:1      | Reached XP level 2. HP: 16/24 MP: 2/2
   513 | D:1      | Got Sif Muna's Almanac of the Entrancing Mountains
   824 | D:2      | Found a faded altar of an unknown god.
  1067 | D:2      | Reached XP level 3. HP: 29/29 MP: 3/3
  1729 | D:3      | Noticed a moth of wrath
  1732 | D:3      | Found a bloodstained altar of Trog.
  1837 | D:3      | Gained mutation: You have sharp fingernails. [demonic
                  | ancestry]
  1837 | D:3      | Reached XP level 4. HP: 35/35 MP: 4/4
  1838 | D:3      | Found Ineek's Weapon Boutique.
  2036 | D:3      | Found Heisyo's Assorted Antiques.
  2100 | D:3      | Found Garuvum's General Store.
  2324 | D:3      | Reached skill level 1 in Dodging
  2490 | D:4      | Found a basalt altar of Yredelemnul.
  2561 | D:4      | Reached XP level 5. HP: 34/41 MP: 5/5
  2882 | D:4      | Killed from afar by an orc priest

Illustrated notes

Levels and vault maps discovered:
D:1:      lightli_arrival_maybe_door_vault, layout_loops_cross, kennysheep_boxes
D:2:      layout_rooms, ebering_ecumenical_altar_petrified, minmay_unequal
D:3:      layout_basic, tgw_trog, serial_shops, nicolae_shop_overgrown_old_shop,
          shop, nicolae_square_shop, minmay_misc_feat_more_columns,
          minmay_misc_feat_four_crosses
D:4:      layout_loops_ring, overflow_temple_1_default

Skill      XL: |  1  2  3  4  5 |
---------------+----------------+-----
Long Blades    | 2 3 |  3.2
Shields        | 3 |  3.6
Armour         | 3 |  3.6
Dodging        | 1 |  1.4
Fighting       | |  3.4

Action                   |  1- 3 |  4- 6 || total
-------------------------+-------+-------++-------
Melee: Long sword        |   109 |    89 ||   198
  Use: Scroll            |     3 |       ||     3
       Potion            |       |     4 ||     4
Armor: Scale mail        |    35 |    37 ||    72
Dodge: Dodged            |    36 |    37 ||    73
Block: Buckler           |    19 |    14 ||    33

Table legend: (Time is in decaauts)
 A = Elapsed time spent in this place.
 B = Non-inter-level travel time spent in this place.
 C = Inter-level travel time spent in this place.
 D = Time resting spent in this place.
 E = Time spent auto-exploring this place.
 F = Levels seen in this place.
 G = Mean time per level.
                   A        B        C        D        E       F      G
               +--------+--------+--------+--------+--------+-----+--------+
         Total |   2939 |   2884 |     55 |      0 |   2262 |   4 |  734.8 |
       Dungeon |   2939 |   2884 |     55 |      0 |   2262 |   4 |  734.8 |
               +--------+--------+--------+--------+--------+-----+--------+

Top non-repeatable levels by time:
     D:3: 990 daAuts
     D:1: 828 daAuts
     D:2: 682 daAuts
     D:4: 436 daAuts
